 Dungeon Crawl Stone Soup version 0.25-a0-55-g0753fd1ad2 (webtiles) character file.

Game seed: 3018380477424822549, levelgen mode: deterministic

198 Granthy the Gusty (level 5, 0/40 HPs)
             Began as a Draconian Air Elementalist on Oct 25, 2019.
             Slain by an orc wizard
             ... wielding a +0 dagger
              (5 damage)
             ... on level 3 of the Dungeon.
             The game lasted 00:14:36 (4176 turns).

Granthy the Gusty (Draconian Air Elementalist)      Turns: 4176, Time: 00:14:37

Health: 0/40       AC:  5    Str: 10    XL:     5   Next: 47%
Magic:  1/9        EV: 11    Int: 17    God:
Gold:   147        SH:  3    Dex: 11    Spells: 4/10 levels left

rFire    . . .     SeeInvis .   m - +0 dagger
rCold    . . .     Gourm    .   q - +0 buckler
rNeg     . . .     Faith    .   (armour unavailable)
rPois    .         Spirit   .   (helmet restricted)
rElec    .         Reflect  .   (no cloak)
rCorr    .         Harm     .   (no gloves)
MR       .....                  (no boots)
Stlth    ++........             (no amulet)
HPRegen  0.13/turn              (no ring)
MPRegen  0.11/turn              (no ring)

@: very slightly contaminated
A: unfitting armour, cold-blooded, AC +5
a: no special abilities


You were on level 3 of the Dungeon.
You were not hungry.

You visited 1 branch of the dungeon, and saw 3 of its levels.

You collected 147 gold pieces.

Inventory:

Hand Weapons
 d - a +0 whip
 j - a +0 hunting sling
 m - a +0 dagger (weapon)
Armour
 q - a +0 buckler (worn)
Jewellery
 c - an uncursed amulet of guardian spirit
 x - an uncursed amulet of rage
Wands
 t - a wand of paralysis (6)
Scrolls
 e - 2 scrolls of immolation {unknown}
 g - 2 scrolls of enchant armour {unknown}
 k - 2 scrolls of fog {unknown}
 n - a scroll of fear {unknown}
 o - 3 scrolls of identify {unknown}
 p - 2 scrolls of remove curse {unknown}
 r - a scroll of amnesia {unknown}
 y - a scroll of magic mapping {unknown}
Potions
 a - a potion of berserk rage {unknown}
 f - 2 potions of curing {unknown}
 h - a potion of lignification {unknown}
 i - a potion of mutation {unknown}
 l - a potion of cancellation {unknown}
 s - 2 potions of invisibility {unknown}
 u - a potion of degeneration {unknown}
 v - a potion of heal wounds {unknown}
Comestibles
 b - 2 rations
 w - 9 chunks of flesh


   Skills:
 + Level 1.3 Fighting
 + Level 0.1 Short Blades
 + Level 2.2 Dodging
 + Level 2.1 Stealth
 + Level 0.1 Shields
 + Level 3.1 Spellcasting
 + Level 2.3 Conjurations
 + Level 4.3 Air Magic


You had 4 spell levels left.
You knew the following spells:

 Your Spells              Type           Power        Failure   Level  Hunger
a - Shock                 Conj/Air       ##..         7%          1    None
b - Swiftness             Chrm/Air       #.......     17%         2    ##.....
c - Static Discharge      Conj/Air       ##......     22%         3    ###....

Your spell library contained the following spells:

 Spells                   Type           Power        Failure   Level  Hunger
 Airstrike                Air            ###.......   43%         4    ####...
 Lightning Bolt           Conj/Air       ##........   89%         5    ######.


Dungeon Overview and Level Annotations

Branches:
Dungeon (3/15)

Altars:
Hepliaklqana


Innate Abilities, Weirdness & Mutations

Your plain brown scales are hard. (AC +5)
You cannot fit into any form of body armour.
You are cold-blooded and may be slowed by cold attacks.


Message History

You miscast Shock.
You are very lightly contaminated with residual magic.
You feel a strange surge of energy! Something hits you but does no damage.
Something hits you.
A magic dart appears from out of thin air!
The magic dart hits you.
* * * LOW HITPOINT WARNING * * *
Casting: Shock (safe; 7% risk of failure)
Confirm with . or Enter, or press ? or * to list all spells.
You don't know that spell.
Something hits you.
* * * LOW HITPOINT WARNING * * *
Something hits you but does no damage.
You hear some strange, mumbled words.
A puff of flame appears from out of thin air!
The puff of flame hits you!
* * * LOW HITPOINT WARNING * * *
Something hits you.
You die...

#...###.#.# #.#
##### #.#.##.# #.#
#....#.# #.#
#....#.# #.#
#.#..#.# #.#
#.#..#.# #o#
#.#..#.# #.#
##.#..#.# #.# #
##.......###@#
#####..###.#.....#
......## #.#.#####
####### #.#.#
#.#.# #.#.# ..#.#
###.# #.#


You could see an orc.

Vanquished Creatures
  Terence (D:2)
  An orc wizard (D:3)
  5 gnolls
  2 adders (D:2)
  An ooze (D:1)
  3 worms
  3 dart slugs (D:2)
  3 leopard geckos
  3 orcs (D:3)
  4 giant cockroaches
  8 goblins
  5 hobgoblins
  3 kobolds
  A quokka (D:3)
  13 bats
  5 frilled lizards
  A rat (D:2)
62 creatures vanquished.

Vanquished Creatures (others)
  4 toadstools (D:1)
4 creatures vanquished.

Grand Total: 66 creatures vanquished

Notes
Turn   | Place    | Note
-------+----------+-------------------------------------------
     0 | D:1      | Granthy the Draconian Air Elementalist began the quest for
                  | the Orb.
     0 | D:1      | Reached XP level 1. HP: 14/14 MP: 3/3
   450 | D:1      | Reached XP level 2. HP: 14/20 MP: 0/5
  1151 | D:1      | Reached XP level 3. HP: 26/26 MP: 1/6
  1972 | D:2      | Reached XP level 4. HP: 23/33 MP: 0/8
  2124 | D:2      | Found a hazy altar of Hepliaklqana.
  2231 | D:2      | Noticed Terence
  2300 | D:2      | Killed Terence
  2300 | D:2      | Reached skill level 4 in Air Magic
  2525 | D:2      | Reached XP level 5. HP: 34/38 MP: 5/9
  3002 | D:3      | Learned a level 2 spell: Swiftness
  3006 | D:3      | Learned a level 3 spell: Static Discharge
  3132 | D:3      | Noticed a sky beast
  4149 | D:3      | Reached skill level 1 in Fighting
  4176 | D:3      | Slain by an orc wizard

Levels and vault maps discovered:
D:1:      ldierk_walled_garden_2, layout_loops_corners, dk_noncrumbling_4,
          nrook_mini_vaults, hangedman_decor_slide_cut, minmay_pentomino_z4
D:2:      layout_basic, marbit_many_paths, kennysheep_generic_room_4,
          uniq_terence
D:3:      kennysheep_six_static_rooms, layout_basic, first_ration

Table legend:
 A = Non-vault XP
 B = Vault XP
 C = Vault XP percentage of total XP
 D = Non-vault monster count
 E = Vault monster count
 F = Vault count percentage of total count
                 A         B        C        D         E       F
            +---------+---------+-------+---------+---------+-------
      Total |     219 |      65 |  22.9 |      52 |      10 |  16.1
            +---------+---------+-------+---------+---------+-------
        D:1 |      41 |       5 |  10.9 |      14 |       3 |  17.6
        D:2 |     104 |      51 |  32.9 |      19 |       3 |  13.6
        D:3 |      74 |       9 |  10.8 |      19 |       4 |  17.4
            +---------+---------+-------+---------+---------+-------
